 Dungeon Crawl Stone Soup version 0.30.1-3-gfc49f6343a (webtiles) character file.

Game seed: 2543514621863634120

40 jtron the Grave Robber (level 3, -8/24 HPs)
             Began as a Mummy Necromancer on Aug 7, 2023.
             Mangled by an iguana (10 damage)
             ... on level 4 of the Dungeon.
             The game lasted 00:02:30 (1195 turns).

jtron the Grave Robber (Mummy Necromancer)          Turns: 1195, Time: 00:02:30

Health: -8/24      AC:  2    Str: 11    XL:     3   Next: 30%
Magic:  0/7        EV: 12    Int: 16    God:
Gold:   65         SH:  0    Dex: 12    Spells: 7/8 levels left

rFire   x . .        b - +0 spear
rCold   + . .        (no shield)
rNeg    + + +        a - +0 robe
rPois   ∞            (no helmet)
rElec   .            (no cloak)
rCorr   .            (no gloves)
SInv    .            (no boots)
Will    .....        (no amulet)
Stlth   ++           (no ring)
HPRegen 0.24/turn    (no ring)
MPRegen 0.10/turn

%: faith
@: no status effects
A: cold resistance 1, negative energy resistance 3, torment resistance 2, heat
vulnerability 1, in touch with death 1, no potions, faith
a: no special abilities


You were on level 4 of the Dungeon.
You visited 1 branch of the dungeon, and saw 3 of its levels.

You collected 65 gold pieces.

Inventory:

Hand Weapons
 b - a +0 spear (weapon)
Armour
 a - a +0 robe (worn)
Scrolls
 c - a scroll of identify {unknown}


   Skills:
 + Level 0.2 Fighting
 + Level 0.3 Polearms
 + Level 1.7 Dodging
 + Level 2.0 Stealth
 + Level 3.2 Spellcasting
 + Level 4.5 Necromancy


You had 7 spell levels left.
You knew the following spells:

 Your Spells              Type           Power      Damage    Failure   Level
a - Necrotise             Necr           100%       1d9       2%          1

Your spell library contained the following spells:

 Spells                   Type           Power      Damage    Failure   Level
 Vampiric Draining        Necr           25%        2d7       9%          3
 Poisonous Vapours        Pois/Air       4%         N/A       28%         2
 Animate Dead             Necr           25%        N/A       28%         4
 Mephitic Cloud           Conj/Pois/Air  2%         N/A       50%         3
 Agony                    Necr           25%        N/A       61%         5
 Freezing Cloud           Conj/Ice/Air   1%         6-21      99%         5


Dungeon Overview and Level Annotations

Branches:
Dungeon (2/15)

Altars:


Innate Abilities, Weirdness & Mutations

You are immune to poison.
Your flesh is cold resistant. (rC+)
You are immune to negative energy. (rN+++)
You are immune to unholy pain and torment.
You are vulnerable to heat. (rF-)
You are in touch with the powers of death.
You do not drink.
You have a special connection with the divine. (Faith)


Message History

The gnoll barely misses you.
Your orc skeleton barely misses the gnoll.
Your orc skeleton hits the gnoll but does no damage.
Your hobgoblin skeleton barely misses the gnoll.
Your magical contamination has completely faded away.
Casting: Necrotise (safe; 2% risk of failure)
Confirm with . or Enter, or press ? or * to list all spells.
Aiming: Necrotise (safe; 2% risk of failure)
Press: ? - help, Shift-Dir - straight line, f/p - iguana
Aim: an iguana (moderately wounded, chance to affect: 88%)
You feel a surge of power!
The iguana writhes in agony.
The gnoll barely misses you.
Your orc skeleton misses the gnoll.
Your orc skeleton barely misses the gnoll.
Your hobgoblin skeleton barely misses the gnoll.
Casting: Necrotise (safe; 2% risk of failure)
Confirm with . or Enter, or press ? or * to list all spells.
You don't have enough magic to cast this spell.
Unknown command.
You reach to attack!
You barely miss the iguana.
The iguana is heavily wounded.
The gnoll hits you from afar with a +0 spear.
Your orc skeleton hits the gnoll.
Your orc skeleton hits the gnoll but does no damage.
You hit the iguana.
The iguana is almost dead.
The iguana bites you!
* * * LOW HITPOINT WARNING * * *
Your hobgoblin skeleton hits the gnoll but does no damage.
The gnoll hits you from afar with a +0 spear.
* * * LOW HITPOINT WARNING * * *
Your orc skeleton barely misses the gnoll. x2
The iguana attacks as you move away! The iguana closely misses you.
The gnoll hits your orc skeleton with a +0 spear.
Your hobgoblin skeleton hits the gnoll.
Something hits your orc skeleton!
Your orc skeleton is destroyed!
Things that are here:
a +2 heavy mace; a +0 leather armour The iguana attacks as you move away!
The iguana bites you!
You die...

# ##.. #....
#.....
#####......
##..........
#.l..Z......
#@###g......
#.# Z......
#.# .......
#.# #......
#)# ......
#.# #.....
##)# #....
#..# #..#


You could see an iguana (ally target) and a friendly hobgoblin skeleton.

Vanquished Creatures
  A gnoll (D:4)
  3 orcs (D:4)
  A bat (D:1)
  2 endoplasms (D:1)
  5 giant cockroaches (D:1)
  2 goblins (D:1)
  2 hobgoblins
  A kobold (D:1)
  A quokka (D:1)
  A ball python (D:1)
  A frilled lizard (D:1)
  2 rats (D:1)
22 creatures vanquished.

Vanquished Creatures (collateral kills)
  A goblin (D:1)
  A rat (D:1)
2 creatures vanquished.

Grand Total: 24 creatures vanquished

Notes
Turn   | Place    | Note
-------+----------+-------------------------------------------
     0 | D:1      | jtron the Mummy Necromancer began the quest for the Orb.
     0 | D:1      | Reached XP level 1. HP: 13/13 MP: 4/4
   483 | D:1      | Reached XP level 2. HP: 16/19 MP: 2/5
  1087 | D:2      | You fall into a shaft and drop 2 floors!
  1123 | D:4      | Gained mutation: You are in touch with the powers of death.
                  | [Mummy growth]
  1123 | D:4      | Reached XP level 3. HP: 11/24 MP: 1/7
  1192 | D:4      | HP: 1/24 [gnoll/+0 spear (5)]
  1195 | D:4      | Mangled by an iguana

Illustrated notes

Levels and vault maps discovered:
D:1:      dpeg_arrival_shelter, layout_basic, kennysheep_minor_cross,
          serial_park_tiny_pond, eino_curves_03, minmay_worlds_worst_comb
D:2:      layout_basic, grunt_ministairs_8, minmay_misc_feat_hallway
D:4:      layout_layer_cave

Skill      XL: |  1  2  3 |
---------------+----------+-----
Spellcasting   | 3 |  3.2
Stealth        | 2 |  2.0
Fighting       | |  0.2
Polearms       | |  0.3
Dodging        | |  1.7
Necromancy     | |  4.5

Action                     || total
---------------------------++-------
  Melee: Spear             ||    38
   Cast: Necrotise         ||    38
   Stab: Sleeping          ||     4
 Armour: Robe              ||     7
  Dodge: Dodged            ||    30
